 Dungeon Crawl Stone Soup version 0.31-a0-236-g9a0961fb85 (webtiles) character file.

Game seed: 3756913866217683554

323 sakkuzi the Grave Robber (level 6, -4/47 HPs)
             Began as a Ghoul Necromancer on July 10, 2023.
             Was an Initiate of Sif Muna.
             Slain by a sleepcap (5 damage)
             ... on level 4 of the Dungeon.
             The game lasted 00:18:45 (3559 turns).

sakkuzi the Grave Robber (Ghoul Necromancer)        Turns: 3559, Time: 00:18:46

Health: -4/47      AC:  4    Str: 12    XL:     6   Next: 47%
Magic:  18/18      EV: 12    Int: 12    God:    Sif Muna [......]
Gold:   171        SH:  0    Dex:  9    Spells: 2/10 levels left

rFire   + . .        s - +6 spear "Binahuiv" {flame, rF+ rN+ Will+}
rCold   + . .        j - orb {light}
rNeg    + + +        a - +2 robe
rPois   ∞            (no helmet)
rElec   .            (no cloak)
rCorr   .            (no gloves)
SInv    .            (no boots)
Will    +....        (no amulet)
Stlth   +            l - ring of magical power
HPRegen 0.00/turn    (no ring)
MPRegen 0.16/turn

%: no passive effects
@: mighty, animating dead (expiring), inhibited regen, glowing
A: claws 1, cold resistance 1, negative energy resistance 3, inhibited
regeneration, torment resistance 2, devour on kill
a: Renounce Religion


You were on level 4 of the Dungeon.
You worshipped Sif Muna.
Sif Muna was noncommittal.
You visited 2 branches of the dungeon, and saw 5 of its levels.

You collected 171 gold pieces.

Inventory:

Hand Weapons
 s - the +6 spear "Binahuiv" (weapon) {flame, rF+ rN+ Will+}
   (You found it on level 4 of the Dungeon)

   rF:        It protects you from fire.
   rN:        It protects you from negative energy.
   Will:      It increases your willpower.
Missiles
 c - 43 stones (quivered)
Armour
 a - a +2 robe (worn)
 j - an orb of light (worn)
 z - a +3 leather armour
Jewellery
 i - a ring of fire
 l - a ring of magical power (left claw)
Wands
 r - a wand of flame (8)
Scrolls
 h - a scroll of brand weapon {unknown}
 k - a scroll of noise {unknown}
 m - 2 scrolls of enchant armour
 n - a scroll of torment {unknown}
 v - a scroll of blinking {unknown}
 w - 2 scrolls of identify
 x - a scroll of revelation {unknown}
 y - 2 scrolls of teleportation {unknown}
Potions
 b - a potion of magic
 d - a potion of degeneration
 e - a potion of might
 f - a potion of haste {unknown}
 g - a potion of curing {unknown}
 o - a potion of mutation {unknown}
 p - a potion of ambrosia {unknown}
 q - a potion of berserk rage {unknown}
 t - a potion of invisibility {unknown}
 u - 2 potions of lignification


   Skills:
 + Level 1.3 Fighting
 * Level 1.2 Polearms
 + Level 3.1 Dodging
 - Level 2.1 Stealth
 - Level 2.7 Unarmed Combat
 + Level 2.9 Spellcasting
 * Level 5.1 Necromancy


You had 2 spell levels left.
You knew the following spells:

 Your Spells              Type           Power      Damage    Failure   Level
a - Necrotise             Necr           56%        1d6       3%          1
b - Vampiric Draining     Necr           14%        2d7       9%          3
c - Animate Dead          Necr           14%        N/A       30%         4

Your spell library contained the following spells:

 Spells                   Type           Power      Damage    Failure   Level
 Apportation              Tloc           2%         N/A       26%         1
 Freeze                   Ice            4%         1d3       26%         1
 Magic Dart               Conj           4%         1d3       26%         1
 Summon Small Mammal      Summ           4%         N/A       26%         1
 Call Imp                 Summ           2%         N/A       36%         2
 Frozen Ramparts          Ice            2%         1d1       58%         3
 Hailstorm                Conj/Ice       1%         3d3       58%         3
 Mephitic Cloud           Conj/Pois/Air  1%         N/A       58%         3
 Stone Arrow              Conj/Erth      2%         3d7       58%         3
 Agony                    Necr           14%        N/A       63%         5
 Animate Armour           Summ/Erth      2%         N/A       94%         4
 Lehudib's Crystal Spear  Conj/Erth      0%         10d2      100%        8


Dungeon Overview and Level Annotations

Branches:
Dungeon (4/15)             Temple (1/1) D:4

Altars:
Fedhas
Kikubaaqudgha
Okawaru
Sif Muna
Trog
Uskayaw
Wu Jian
Xom


Innate Abilities, Weirdness & Mutations

You are immune to poison.
You have sharp fingernails.
Your flesh is cold resistant. (rC+)
You are immune to negative energy. (rN+++)
You do not regenerate when monsters are visible.
You are immune to unholy pain and torment.
You thrive by killing the living.


Message History

The black bear is lightly wounded.
The black bear misses you. The black bear claws you. x2
Okay, then.
You feel very mighty all of a sudden. The goblin hits you with a +0 dagger.
The black bear bites you. The black bear closely misses you.
The black bear claws you but does no damage.
The black bear attacks as you move away!
The black bear bites you but does no damage.
The black bear claws you.
* * * LOW HITPOINT WARNING * * *
The black bear claws you.
* * * LOW HITPOINT WARNING * * *
You barely miss the goblin. The goblin barely misses you.
The black bear completely misses you. The black bear barely misses you.
The black bear closely misses you.
You puncture the goblin! You burn the goblin.
You kill the goblin!
Sif Muna accepts your kill.
The dead are walking!
The black bear closely misses you. The black bear misses you.
The black bear claws you.
* * * LOW HITPOINT WARNING * * *
Okay, then.
The sleepcap closely misses you.
The black bear attacks as you move away!
The black bear barely misses you. The black bear claws you.
* * * LOW HITPOINT WARNING * * *
The black bear closely misses you.
The black bear attacks as you move away!
The black bear bites you.
* * * LOW HITPOINT WARNING * * *
The black bear barely misses you. The black bear claws you.
* * * LOW HITPOINT WARNING * * *
The sleepcap attacks as you move away! The sleepcap releases spores at you.
* * * LOW HITPOINT WARNING * * *
You hit the sleepcap. You burn the sleepcap.
The sleepcap is lightly damaged.
Your reaping aura is weakening.
The sleepcap releases spores at you.
You die...

....... #...# #. ###########
#...# #######. ###### #...# #...#
#....... .....# .....##...#
######.#####. .#####
.g....#...####......###... .#
g.....'...##......#.....#. .#####
.h....#g..##.....##.####). .....#
....W #...#...)..##§# #.)) ..#.##
#.f. #..@fhZ..####.####..
..#.####### #############Z......
..#.......# #.# #.....########.
........#.# #.# #.###.# #.
#.#####.#.# #.###.###.# ##+
#.......#.#####.........## ##..
.###≈≈...≈≈...>####......#####...
..##≈≈...≈≈.##.# #..~.....##....
...#...≈....##.####..~⌠~.#.#.....


You could see a black bear, a sleepcap (ally target), a hobgoblin and a friendly
goblin zombie.

Vanquished Creatures
  A phantom (D:4)
  2 orc priests (D:4)
  Jessica (D:2)
  A hound skeleton (D:3)
  4 adders
  An adder skeleton (D:3)
  A worm (D:2)
  2 dart slugs
  8 orcs
  8 endoplasms
  4 giant cockroaches
  8 goblins
  6 hobgoblins
  10 jackals
  6 kobolds
  4 quokkas
  4 ball pythons
  6 bats
  A frilled lizard (D:3)
  12 rats
90 creatures vanquished.

Vanquished Creatures (collateral kills)
  An endoplasm (D:1)
  A goblin (D:1)
2 creatures vanquished.

Vanquished Creatures (others)
  An adder zombie (D:4)
1 creature vanquished.

Grand Total: 93 creatures vanquished

Notes
Turn   | Place    | Note
-------+----------+-------------------------------------------
     0 | D:1      | sakkuzi the Ghoul Necromancer began the quest for the Orb.
     0 | D:1      | Reached XP level 1. HP: 14/14 MP: 2/2
   168 | D:1      | Reached XP level 2. HP: 12/20 MP: 3/3
   477 | D:1      | Reached skill level 1 in Unarmed Combat
   536 | D:1      | Reached XP level 3. HP: 11/26 MP: 2/5
   576 | D:1      | Learned a level 3 spell: Vampiric Draining
  1230 | D:2      | Found a faded altar of an unknown god.
  1259 | D:2      | Prayed at the altar of an unknown god.
  1259 | D:2      | Became a worshipper of Warmaster Okawaru
  1259 | D:2      | Reached * piety under Okawaru
  1367 | D:2      | Reached XP level 4. HP: 13/33 MP: 3/6
  1469 | D:2      | Noticed Jessica
  1477 | D:2      | Killed Jessica
  2078 | D:3      | Found a bloodstained altar of Trog.
  2163 | D:3      | Reached XP level 5. HP: 38/38 MP: 7/7
  2924 | D:4      | Found a staircase to the Ecumenical Temple.
  2943 | Temple   | Entered the Ecumenical Temple
  2950 | Temple   | Fell from the grace of Okawaru
  2950 | Temple   | Became a worshipper of Sif Muna the Loreminder
  3034 | D:4      | Found a hide-covered altar of Uskayaw.
  3052 | D:4      | Learned a level 4 spell: Animate Dead
  3077 | D:4      | Identified the +6 spear "Binahuiv" {flame, rF+ rN+ Will+}
  3469 | D:4      | Reached XP level 6. HP: 41/46 MP: 9/9
  3518 | D:4      | Noticed a black bear
  3538 | D:4      | Reached skill level 1 in Fighting
  3547 | D:4      | Reached skill level 1 in Polearms
  3547 | D:4      | Reached skill level 5 in Necromancy
  3558 | D:4      | HP: 1/47 [sleepcap (2)]
  3559 | D:4      | Slain by a sleepcap

Illustrated notes

Levels and vault maps discovered:
D:1:      wander_arrival_lonely_grave, layout_loops_ring, serial_bayou_pond_c,
          minmay_gold_behind_fungi, serial_bayou_pond_e
D:2:      layout_loops_cross, chequers_ecumenical_altar_island, uniq_jessica
D:3:      layout_basic, trog_butcher_becter, serial_undead, serial_undead_d,
          serial_undead_e, serial_undead_c, serial_undead_c,
          grunt_decor_fettered
D:4:      minmay_opposing_rooms, layout_loops_corners, nicolae_uskayaw_suspiria,
          minmay_temple_entry_mist, corexii_leaking_fountain, nrook_mini_vaults,
          skrybe_limestone_x
Temple:   nicolae_temple_bog_church

Skill      XL: |  1  2  3  4  5  6 |
---------------+-------------------+-----
Dodging        | 2 3 |  3.1
Spellcasting   | 2 |  2.9
Unarmed Combat | 1 2 |  2.7
Fighting       | 1 |  1.3
Polearms       | 1 |  1.2
Necromancy     | 5 |  5.1
Stealth        | |  2.1

Action                     |  1- 3 |  4- 6 || total
---------------------------+-------+-------++-------
  Melee: Unarmed           |   141 |   130 ||   271
         Punch             |     1 |       ||     1
         Spear             |       |    25 ||    25
   Cast: Necrotise         |    30 |    20 ||    50
         Animate Dead      |       |     1 ||     1
  Evoke: Wand              |       |     1 ||     1
    Use: Scroll            |       |     6 ||     6
         Potion            |       |     1 ||     1
   Stab: Sleeping          |     1 |     1 ||     2
 Armour: Robe              |    29 |    42 ||    71
  Dodge: Dodged            |   111 |   112 ||   223

Table legend: (Time is in decaauts)
 A = Elapsed time spent in this place.
 B = Non-inter-level travel time spent in this place.
 C = Inter-level travel time spent in this place.
 D = Time resting spent in this place.
 E = Time spent auto-exploring this place.
 F = Levels seen in this place.
 G = Mean time per level.
                   A        B        C        D        E       F      G
               +--------+--------+--------+--------+--------+-----+--------+
         Total |   3565 |   3530 |     35 |    369 |   1976 |   5 |  713.0 |
       Dungeon |   3543 |   3508 |     35 |    369 |   1976 |   4 |  885.8 |
        Temple |     21 |     21 |      0 |      0 |      0 |   1 |   21.0 |
               +--------+--------+--------+--------+--------+-----+--------+

Top non-repeatable levels by time:
     D:1: 1129 daAuts
     D:2: 857 daAuts
     D:3: 823 daAuts
     D:4: 732 daAuts
  Temple: 21 daAuts
